 Dungeon Crawl Stone Soup version 0.28-a0-479-g5baa6b73be (webtiles) character file.

Game seed: 3703944128687665414

28 MirrMurr the Thrower (level 3, 0/31 HPs)
             Began as a Gnoll Hunter on Sept 19, 2021.
             Slain by Terence (4 damage)
             ... on level 2 of the Dungeon.
             The game lasted 00:02:26 (1618 turns).

MirrMurr the Thrower (Gnoll Hunter)                 Turns: 1618, Time: 00:02:27

Health: 0/31       AC:  3    Str: 11    XL:     3   Next: 14%
Magic:  3/3        EV: 12    Int: 11    God:
Gold:   51         SH:  0    Dex: 12    Spells: 3/3 levels left

rFire   . . .      SeeInvis .   a - +0 short sword
rCold   . . .      Faith    .   (no shield)
rNeg    . . .      Spirit   .   b - +0 leather armour
rPois   .          Reflect  .   (no helmet)
rElec   .          Harm     .   (no cloak)
rCorr   .          Rampage  .   (no gloves)
Will    .....                   (no boots)
Stlth   ++........              (no amulet)
HPRegen 0.10/turn               (no ring)
MPRegen 0.08/turn               (no ring)

@: no status effects
A: fangs 1, strong nose, distributed training
a: no special abilities


You were on level 2 of the Dungeon.
You visited 1 branch of the dungeon, and saw 2 of its levels.

You collected 51 gold pieces.

Inventory:

Hand Weapons
 a - a +0 short sword (weapon)
 j - a +2 dagger of speed
Missiles
 c - 2 javelins (quivered)
 d - 2 throwing nets
 h - 14 stones
 i - 12 sling bullets
Armour
 b - a +0 leather armour (worn)
Scrolls
 e - a scroll of identify {unknown}
 g - a scroll of teleportation {unknown}
Potions
 f - a potion of curing {unknown}
 k - a potion of mutation {unknown}


   Skills:
 + Level 4.5 Fighting
 + Level 0.6 Short Blades
 + Level 0.6 Long Blades
 + Level 0.6 Axes
 + Level 0.6 Maces & Flails
 + Level 0.6 Polearms
 + Level 0.6 Staves
 + Level 0.6 Slings
 + Level 0.6 Bows
 + Level 0.6 Crossbows
 + Level 8.5 Throwing
 + Level 0.6 Armour
 + Level 4.5 Dodging
 + Level 2.3 Stealth
 + Level 0.6 Shields
 + Level 0.6 Unarmed Combat
 + Level 0.6 Spellcasting
 + Level 0.4 Conjurations
 + Level 0.4 Hexes
 + Level 0.4 Summonings
 + Level 0.4 Necromancy
 + Level 0.4 Translocations
 + Level 0.4 Transmutations
 + Level 0.4 Fire Magic
 + Level 0.4 Ice Magic
 + Level 0.4 Air Magic
 + Level 0.4 Earth Magic
 + Level 0.4 Poison Magic
 + Level 0.8 Invocations
 + Level 0.6 Evocations


You had 3 spell levels left.
You didn't know any spells.
Your spell library contained the following spells:

 Spells                   Type           Power      Damage    Failure   Level
 Blink                    Tloc           N/A        N/A       50%         2
 Manifold Assault         Tloc           1%         N/A       100%        5
 Storm Form               Tmut/Air       0%         N/A       100%        7


Dungeon Overview and Level Annotations

Branches:
Dungeon (2/15)

Altars:

Annotations:
D:2 Terence


Innate Abilities, Weirdness & Mutations

You have very sharp teeth.
Your uncanny sense of smell can sniff out nearby items.
Your experience applies equally to all skills.


Message History

You have reached level 3!
Your experience leads to an increase in your attributes!
Increase (S)trength, (I)ntelligence, or (D)exterity?
You feel clever.
You see here a giant cockroach corpse.
You throw a javelin.
The javelin pierces through Terence but does no damage.
The javelin barely misses the frilled lizard.
The javelin pierces through the hobgoblin.
The hobgoblin is severely wounded.
The javelin pierces through the dart slug!
You kill the dart slug!
Terence hits you with a +0 short sword!
You are too injured to fight recklessly!
Throw: 5 javelins
Press: ? - help, Q - select action, (/) - cycle Shift-Dir - straight line, f - hobgoblin, p - Terence
Aim: a hobgoblin (severely wounded, 64% to hit)
You throw a javelin. The javelin pierces through Terence.
Terence is lightly wounded.
The javelin misses the frilled lizard.
The javelin barely misses the hobgoblin.
Terence completely misses you.
Throw: 4 javelins
Press: ? - help, Q - select action, (/) - cycle Shift-Dir - straight line, f/p - hobgoblin
Aim: a hobgoblin (severely wounded, 64% to hit)
You throw a javelin. The javelin pierces through Terence.
Terence is moderately wounded.
The javelin pierces through the frilled lizard!
You kill the frilled lizard!
The javelin pierces through the hobgoblin!
You kill the hobgoblin!
Terence hits you with a +0 short sword!
* * * LOW HITPOINT WARNING * * *
Terence closely misses you.
Throw: 3 javelins
Press: ? - help, Q - select action, (/) - cycle Shift-Dir - straight line, f - Terence
Aim: Terence, wielding a +0 short sword and wearing a +0 scale mail (moderately wounded, 68% to hit)
You throw a javelin. The javelin barely misses Terence.
Terence hits you with a +0 short sword.
You die...

#..........# ≈ ♣ ♣#
#..........# ≈≈≈♣≈♣≈
####..........#
≈P≈≈≈PP♣♣.............#
≈≈≈P≈P≈g≈♣≈#†.........#
≈≈≈P♣≈≈♣≈≈♣♣..........#
≈ ≈≈≈≈≈♣≈≈≈♣≈........##
≈≈≈≈≈≈PP≈♣P≈♣##.#.....#
≈≈≈≈≈P≈≈≈P≈≈♣ #@#....<#
≈≈≈≈≈B≈≈P≈≈≈# #@#.....#
≈≈g≈≈≈PPP♣♣## #†#.....#
PSP≈≈≈≈♣≈≈ #(#..##.#∆
♣#######.#.....#
.....w.....>####
................
........(.....##
..............+


You could see Terence.

Vanquished Creatures
  A dart slug (D:2)
  3 ball pythons (D:1)
  3 endoplasms (D:1)
  3 giant cockroaches
  4 goblins (D:1)
  3 hobgoblins
  A kobold (D:1)
  A quokka (D:1)
  2 bats (D:1)
  A frilled lizard (D:2)
22 creatures vanquished.

Vanquished Creatures (others)
  5 plants (D:2)
5 creatures vanquished.

Grand Total: 27 creatures vanquished

Notes
Turn   | Place    | Note
-------+----------+-------------------------------------------
     0 | D:1      | MirrMurr the Gnoll Hunter began the quest for the Orb.
     0 | D:1      | Reached XP level 1. HP: 20/20 MP: 1/1
   261 | D:1      | Found a faded altar of an unknown god.
   274 | D:1      | Reached XP level 2. HP: 24/26 MP: 2/2
  1601 | D:2      | Noticed Terence
  1612 | D:2      | Reached XP level 3. HP: 17/31 MP: 3/3
  1618 | D:2      | Slain by Terence

Illustrated notes

Levels and vault maps discovered:
D:1:      lightli_molten_gateway, layout_basic, ebering_ecumenical_altar_webs,
          minmay_pentomino_u2
D:2:      layout_basic, wad_floor_pattern_untrapped, serial_bayou_lake_a,
          uniq_terence

Action                   || total
-------------------------++-------
Melee: Short sword       ||    72
       Bite              ||     5
Throw: Javelin           ||     4
 Stab: Sleeping          ||     1
Armor: Leather armour    ||    23
Dodge: Dodged            ||    60

Table legend: (Time is in decaauts)
 A = Elapsed time spent in this place.
 B = Non-inter-level travel time spent in this place.
 C = Inter-level travel time spent in this place.
 D = Time resting spent in this place.
 E = Time spent auto-exploring this place.
 F = Levels seen in this place.
 G = Mean time per level.
                   A        B        C        D        E       F      G
               +--------+--------+--------+--------+--------+-----+--------+
         Total |   1627 |   1612 |     15 |    195 |   1224 |   2 |  813.5 |
       Dungeon |   1627 |   1612 |     15 |    195 |   1224 |   2 |  813.5 |
               +--------+--------+--------+--------+--------+-----+--------+

Top non-repeatable levels by time:
     D:1: 1554 daAuts
     D:2: 72 daAuts
